 Dungeon Crawl Stone Soup version 0.30-a0-218-gedb9141078 (webtiles) character file.

Game seed: 6180327992694795395

630 Iusername the Poker (level 7, -1/60 HPs)
             Began as a Minotaur Fighter on Oct 5, 2022.
             Was a Believer of Trog.
             Slain by a gnoll
             ... wielding a +0 halberd
             ... led by a gnoll sergeant
              (9 damage)
             ... on level 5 of the Dungeon.
             The game lasted 00:06:20 (3893 turns).

Iusername the Poker (Minotaur Fighter)              Turns: 3893, Time: 00:06:20

Health: -1/60      AC: 10    Str: 22    XL:     7   Next: 24%
Magic:  6/6        EV:  7    Int:  5    God:    Trog [**....]
Gold:   168        SH: 14    Dex: 16    Spells: 6/6 levels left

rFire   . . .      SeeInvis .    a - +0 trident
rCold   . . .      Faith    .    A - +0 tower shield
rNeg    . . .      Spirit   .    b - +0 scale mail
rPois   .          Reflect  .    l - +2 hat
rElec   .          Harm     .    (no cloak)
rCorr   .          Rampage  .    r - +0 pair of gloves
Will    .....                    (no boots)
Stlth   ..........               v - amulet of regeneration
HPRegen 1.10/turn                w - +6 ring of dexterity
MPRegen 0.10/turn                (no ring)

@: no status effects
A: horns 2, retaliatory headbutt
a: Renounce Religion, Berserk, Trog's Hand


You were on level 5 of the Dungeon.
You worshipped Trog.
Trog was pleased with you.
You visited 1 branch of the dungeon, and saw 5 of its levels.

You collected 168 gold pieces.

Inventory:

Hand Weapons
 a - a +0 trident (weapon)
Armour
 b - a +0 scale mail (worn)
 l - a +2 hat (worn)
 r - a +0 pair of gloves (worn)
 A - a +0 tower shield (worn)
Jewellery
 f - an amulet of reflection
 v - an amulet of regeneration (around neck)
 w - a +6 ring of dexterity (left hand)
Scrolls
 e - a scroll of vulnerability {unknown}
 g - 2 scrolls of amnesia {unknown}
 h - 6 scrolls of identify {unknown}
 i - a scroll of immolation {unknown}
 j - a scroll of enchant armour {unknown}
 k - 4 scrolls of teleportation {unknown}
 o - a scroll of summoning {unknown}
 s - a scroll of noise {unknown}
 t - 3 scrolls of blinking {unknown}
 u - a scroll of torment {unknown}
 y - a scroll of fear {unknown}
Potions
 d - 2 potions of might
 m - 2 potions of attraction {unknown}
 n - 2 potions of curing {unknown}
 p - a potion of heal wounds {unknown}
 q - a potion of experience {unknown}
 x - a potion of resistance {unknown}
 z - 2 potions of lignification {unknown}


   Skills:
 + Level 4.9 Fighting
 + Level 6.4 Polearms
 + Level 5.6 Armour
 + Level 3.0 Dodging
 + Level 0.4 Stealth
 + Level 4.7 Shields


You had 6 spell levels left.
You didn't know any spells.
Your spell library contained the following spells:

 Spells                   Type           Power      Damage    Failure   Level
 Vhi's Electric Charge    Tloc/Air       0%         N/A       100%        3
 Arcjolt                  Conj/Air       0%         1d10      100%        5
 Maxwell's Capacitive Co  Air            0%         ∞         100%        8


Dungeon Overview and Level Annotations

Branches:
Dungeon (5/15)
 Temple: D:4-7

Altars:
Kikubaaqudgha
Nemelex Xobeh
Okawaru
Sif Muna
Trog


Innate Abilities, Weirdness & Mutations

You have a pair of horns on your head.
You reflexively headbutt those who attack you in melee.


Message History

The gnoll closely misses you. The gnoll sergeant blocks your attack.
The gnoll sergeant is moderately wounded.
You block the gnoll's attack. x2
The gnoll sergeant hits you but does no damage.
You hit the gnoll sergeant.
Your headbutt misses the gnoll sergeant.
The gnoll sergeant is moderately wounded.
The gnoll hits you with a +0 halberd! You block the gnoll sergeant's attack.
You block the gnoll's attack.
You hit the gnoll sergeant but do no damage.
Your headbutt misses the gnoll sergeant.
The gnoll sergeant is moderately wounded.
The gnoll hits you with a +0 club.
* * * LOW HITPOINT WARNING * * *
The gnoll sergeant hits you but does no damage.
You block the gnoll's attack. You block the gnoll sergeant's attack.
You block the gnoll's attack. The gnoll hits you but does no damage.
You puncture the gnoll sergeant!
The gnoll sergeant is almost dead.
You block the gnoll's attack.
The gnoll sergeant hits you with a +0 spear.
* * * LOW HITPOINT WARNING * * *
The gnoll completely misses you. You furiously retaliate!
You headbutt the gnoll. You barely miss the gnoll sergeant.
Your headbutt misses the gnoll sergeant.
The gnoll sergeant is almost dead.
The gnoll sergeant hits you with a +0 spear.
* * * LOW HITPOINT WARNING * * *
The gnoll completely misses you. The gnoll hits you but does no damage.
The gnoll sergeant blocks your attack. x2
The gnoll sergeant is almost dead.
The gnoll hits you with a +0 club.
* * * LOW HITPOINT WARNING * * *
You block the gnoll sergeant's attack. The gnoll hits you but does no damage.
The gnoll sergeant hits you with a +0 spear.
* * * LOW HITPOINT WARNING * * *
The gnoll hits you with a +0 halberd!
You die...

###...#.##.........####))).#...
#.......###.......## ##.#####.
#.##.#### #......## #...#...
#.##.# #.#..>## ###.#.##
#.##.######.##+## #....#
#.##........##.# ##.#.#
#.######.......# ##### #.#.#
#.######.####..#...... #.#..
#...........#.@g.# #.###
#######.##...gg[# #.#
#.##.......... #.#
#.####..#...... ..# #.#
#..####### #.. ...# ### ##.#
#.# .#


You could see a gnoll sergeant and 2 gnolls.

Vanquished Creatures
  A centaur (D:5)
  A necrophage (D:4)
  An orc priest (D:3)
  A hound (D:4)
  2 iguanas (D:4)
  Natasha (thrice) (D:2)
  3 orc wizards
  4 gnolls
  7 adders
  An ufetubus (D:4)
  A worm (D:3)
  2 dart slugs (D:2)
  10 orcs
  10 ball pythons
  4 bats
  7 endoplasms
  3 giant cockroaches
  18 goblins
  11 hobgoblins
  4 jackals (D:4)
  9 kobolds
  3 quokkas
  2 frilled lizards (D:2)
  7 rats
  A spectral hobgoblin (D:3)
116 creatures vanquished.

Vanquished Creatures (others)
  3 fungi (D:5)
3 creatures vanquished.

Grand Total: 119 creatures vanquished

Notes
Turn   | Place    | Note
-------+----------+-------------------------------------------
     0 | D:1      | Iusername the Minotaur Fighter began the quest for the Orb.
     0 | D:1      | Reached XP level 1. HP: 19/19 MP: 0/0
    97 | D:1      | Reached XP level 2. HP: 27/27 MP: 1/1
   526 | D:1      | Reached skill level 3 in Polearms
   526 | D:1      | Reached XP level 3. HP: 28/33 MP: 2/2
   930 | D:2      | Reached XP level 4. HP: 33/41 MP: 3/3
  1080 | D:2      | Reached skill level 4 in Polearms
  1256 | D:2      | Noticed Natasha
  1262 | D:2      | Killed Natasha
  1322 | D:2      | Noticed Natasha
  1347 | D:2      | Killed Natasha
  1348 | D:2      | Reached skill level 1 in Dodging
  1348 | D:2      | Reached XP level 5. HP: 34/47 MP: 4/4
  1479 | D:2      | Noticed Natasha
  1486 | D:2      | Killed Natasha
  2118 | D:3      | Found a faded altar of an unknown god.
  2133 | D:3      | Prayed at the altar of an unknown god.
  2133 | D:3      | Became a worshipper of Trog the Wrathful
  2133 | D:3      | Reached * piety under Trog
  2160 | D:3      | Found a shimmering blue altar of Sif Muna.
  2449 | D:3      | Reached skill level 5 in Polearms
  2664 | D:3      | Found a sparkling altar of Nemelex Xobeh.
  2805 | D:3      | Found an ancient bone altar of Kikubaaqudgha.
  2805 | D:3      | Found an iron altar of Okawaru.
  3327 | D:4      | Reached XP level 6. HP: 53/53 MP: 5/5
  3347 | D:4      | Reached skill level 5 in Armour
  3417 | D:4      | Reached ** piety under Trog
  3734 | D:5      | Entered Level 5 of the Dungeon
  3760 | D:5      | Reached skill level 6 in Polearms
  3829 | D:5      | Reached XP level 7. HP: 53/60 MP: 6/6
  3893 | D:5      | Slain by a gnoll

Illustrated notes

Levels and vault maps discovered:
D:1:      wander_arrival_chamber, layout_basic, minmay_misc_feat_plants
D:2:      layout_basic, kennysheep_generic_room_2, uniq_natasha
D:3:      layout_basic, led_sif_book, gammafunk_temple_overflow_pools,
          lemuel_tele_altar, dreamdust_ecumenical_altar_drowned_temple,
          dk_vineyard_1
D:4:      layout_gridville, minmay_ruptured
D:5:      layout_loops_corners, chequers_temple_overflow_minitemple,
          mainiacjoe_overflow_boulevard, minmay_temple_entry_grid,
          grunt_ministairs_5

Skill      XL: |  1  2  3  4  5  6  7 |
---------------+----------------------+-----
Fighting       | 4 |  4.9
Armour         | 4 5 |  5.6
Shields        | 4 |  4.7
Polearms       | 3 4 5 6 |  6.4
Dodging        | 1 2 3 |  3.0
Stealth        | |  0.4

Action                   |  1- 3 |  4- 6 |  7- 9 || total
-------------------------+-------+-------+-------++-------
Melee: Trident           |    96 |   227 |    27 ||   350
       Headbutt          |    10 |    28 |     2 ||    40
Armor: Scale mail        |    39 |   114 |    12 ||   165
Dodge: Dodged            |    20 |    62 |    14 ||    96
Block: Buckler           |    14 |    41 |       ||    55
       Tower shield      |       |    28 |    38 ||    66

Table legend: (Time is in decaauts)
 A = Elapsed time spent in this place.
 B = Non-inter-level travel time spent in this place.
 C = Inter-level travel time spent in this place.
 D = Time resting spent in this place.
 E = Time spent auto-exploring this place.
 F = Levels seen in this place.
 G = Mean time per level.
                   A        B        C        D        E       F      G
               +--------+--------+--------+--------+--------+-----+--------+
         Total |   3970 |   3710 |    260 |      0 |   2885 |   5 |  794.0 |
       Dungeon |   3970 |   3710 |    260 |      0 |   2885 |   5 |  794.0 |
               +--------+--------+--------+--------+--------+-----+--------+

Top non-repeatable levels by time:
     D:3: 1242 daAuts
     D:2: 1217 daAuts
     D:1: 893 daAuts
     D:4: 439 daAuts
     D:5: 177 daAuts
